 Dungeon Crawl Stone Soup version 0.23.1-37-gaa34b87b72 (webtiles) character file.

Game seed: 12355733918180730926

438 Peloso the Slasher (level 6, -3/56 HPs)
             Began as a Minotaur Fighter on Mar 28, 2019.
             Slain by an iguana (7 damage)
             ... on level 4 of the Dungeon.
             The game lasted 00:06:11 (2529 turns).

Peloso the Slasher (Minotaur Fighter)               Turns: 2529, Time: 00:06:12

Health: -3/56      AC: 15    Str: 21    XL:     6   Next: 69%
Magic:  5/5        EV:  4    Int:  5    God:
Gold:   134        SH: 10    Dex: 11    Spells: 5/5 levels left

rFire    . . .     SeeInvis .   a - +0 long sword
rCold    . . .     Gourm    .   c - +0 shield
rNeg     . . .     Faith    .   n - +0 plate armour
rPois    .         Spirit   .   (helmet restricted)
rElec    .         Reflect  .   o - +2 cloak
rCorr    .         Harm     .   (no gloves)
MR       +....                  (no boots)
Stlth    ..........             (no amulet)
HPRegen  0.18/turn              t - ring of protection from magic
MPRegen  0.09/turn              x - ring of flight

@: no status effects
A: retaliatory headbutt, horns 2
a: Evoke Flight


You were on level 4 of the Dungeon.
You were hungry.

You visited 1 branch of the dungeon, and saw 4 of its levels.

You collected 134 gold pieces.

Inventory:

Hand Weapons
 a - a +0 long sword (weapon)
Armour
 b - a +0 scale mail
 c - a +0 shield (worn)
 n - a +0 plate armour (worn)
 o - a +2 cloak (worn)
 v - a scarf of repulsion
Jewellery
 d - an uncursed ring of protection from cold
 r - an uncursed ring of fire
 t - a ring of protection from magic (left hand)
 x - a ring of flight (right hand)
Scrolls
 e - a scroll of identify
 g - a scroll of fog {unknown}
 i - 2 scrolls of teleportation
 j - a scroll of remove curse
 l - 2 scrolls of immolation {unknown}
 q - a scroll of amnesia {unknown}
 s - a scroll of fear {unknown}
 w - a scroll of random uselessness {unknown}
Potions
 h - 2 potions of invisibility
 m - a potion of mutation
 p - a potion of curing
 u - a potion of heal wounds {unknown}
 z - a potion of lignification {unknown}
Comestibles
 f - 2 rations


   Skills:
 + Level 5.0 Fighting
 + Level 5.7 Long Blades
 + Level 4.8 Armour
 + Level 0.9 Dodging
 + Level 5.6 Shields


You had 5 spell levels left.
You didn't know any spells.
Your spell library was empty.

Dungeon Overview and Level Annotations

Branches:
Dungeon (4/15)
 Temple: D:4-7

Altars:
Ashenzari
Ru
Wu Jian


Innate Abilities, Weirdness & Mutations

You reflexively headbutt those who attack you in melee.
You have a pair of horns on your head.


Message History

The ogre hits you with a +0 giant club!!
The iguana bites you but does no damage.
Your plate armour prevents you from hitting the ogre.
The ogre is heavily wounded.
You block the iguana's attack. You block the ogre's attack.
You hit the ogre.
The ogre is severely wounded.
The iguana bites you.
Unknown command.
You hit the ogre.
The ogre is severely wounded.
The ogre hits you with a +0 giant club!
* * * LOW HITPOINT WARNING * * *
The iguana bites you!
* * * LOW HITPOINT WARNING * * *
You hit the ogre. You headbutt the ogre.
You kill the ogre!
Your Fighting skill increases to level 5!
The iguana bites you!
You die...

# ..###########
#).........#
#..........#
#....)@l.<.#
..................
............######
...>....?...#
...........(#
........#####
........#
........#


You could see an iguana.

Vanquished Creatures
  Sigmund (D:2)
  An ogre (D:4)
  Jessica (D:2)
  4 gnolls (D:3)
  3 adders
  2 worms
  5 dart slugs
  A leopard gecko (D:3)
  An orc (D:4)
  2 ball pythons
  6 giant cockroaches
  9 goblins
  8 hobgoblins
  18 jackals
  10 kobolds
  A quokka (D:3)
  8 bats
  2 frilled lizards (D:1)
  6 rats
89 creatures vanquished.

Notes
Turn   | Place    | Note
-------+----------+-------------------------------------------
     0 | D:1      | Peloso the Minotaur Fighter began the quest for the Orb.
     0 | D:1      | Reached XP level 1. HP: 19/19 MP: 0/0
    75 | D:1      | Reached XP level 2. HP: 22/27 MP: 1/1
   191 | D:1      | Reached XP level 3. HP: 31/33 MP: 2/2
   611 | D:2      | Noticed Sigmund
   626 | D:2      | Killed Sigmund
   626 | D:2      | Reached XP level 4. HP: 12/41 MP: 3/3
   626 | D:2      | Reached XP level 5. HP: 14/47 MP: 4/4
   691 | D:2      | Noticed Jessica
   696 | D:2      | Killed Jessica
   696 | D:2      | Reached skill level 5 in Shields
   889 | D:2      | Found a sacrificial altar of Ru.
   889 | D:2      | Found a shattered altar of Ashenzari.
   901 | D:2      | Reached XP level 6. HP: 55/55 MP: 5/5
  1417 | D:3      | Reached skill level 5 in Long Blades
  1768 | D:3      | Found an ornate altar of the Wu Jian Council.
  2529 | D:4      | Reached skill level 5 in Fighting
  2529 | D:4      | Slain by an iguana

Skill      XL: |  1  2  3  4  5  6 |
---------------+-------------------+-----
Shields        | 4 5 |  5.6
Fighting       | 4 5 |  5.0
Long Blades    | 4 5 |  5.7
Armour         | 4 |  4.8
Dodging        | |  0.9

Action                   |  1- 3 |  4- 6 || total
-------------------------+-------+-------++-------
Melee: Long sword        |    83 |   150 ||   233
       Headbutt          |    13 |    21 ||    34
  Use: Potion            |     1 |       ||     1
       Scroll            |       |     6 ||     6
  Eat: Chunk             |       |     5 ||     5
Armor: Scale mail        |    49 |     7 ||    56
       Plate armour      |       |   131 ||   131
Dodge: Dodged            |    25 |    36 ||    61
Block: Shield            |    69 |   106 ||   175
       Rpst.: Long sword |     6 |     7 ||    13
